 Zot Defence DCSS version 0.15.2 (webtiles) character file.

252 vatarom the Chopper (level 5, 0/1 (45) HPs)
             Began as a Minotaur Fighter on Feb 26, 2017.
             Rotted away (a hobgoblin)
             ... in the Realm of Zot (Scenario I: Hall of Zot).
             The game lasted 00:02:45 (635 turns).

vatarom the Chopper (Minotaur Fighter)               Turns: 635, Time: 00:02:46

HP   0/1 (45)    AC  6     Str 22      XL: 5   Next: 89%
MP   2/2         EV  6     Int  5      God:
Gold 0           SH  9     Dex  9      Spells:  0 memorised,  4 levels left

rFire  . . .     SeeInvis .     a - +0 war axe
rCold  . . .     Clarity  .     b - +0 scale mail
rNeg   . . .     rCorr    .     c - +0 shield
rPois  .         rRot     .     (helmet restricted)
rElec  .         Spirit   .     (no cloak)
SustAb .         Warding  .     (no gloves)
rMut   .         Stasis   .     (no boots)
Gourm  .                        (no amulet)
MR     .....                    (no ring)
                                (no ring)

@: not resistant to hostile enchantments, extremely unstealthy
A: retaliatory headbutt, horns 2
a: Make oklob sapling, Make arrow trap, Make plant, Remove Curse, Make burning
bush


You were in the Realm of Zot.
You were not hungry.

You visited 1 branch

Inventory:

Hand weapons
 a - a +0 war axe (weapon)
Armour
 b - a +0 scale mail (worn)
 c - a +0 shield (worn)
Comestibles
 f - a bread ration
 l - a rotting chunk of worm flesh
 m - a rotting chunk of rat flesh
Scrolls
 k - a scroll of blinking
Potions
 d - 3 potions of curing
 e - a potion of might
 g - a potion of heal wounds
 h - a potion of haste
 i - 2 potions of magic
 j - a potion of berserk rage


   Skills:
 - Level 3.6 Fighting
 + Level 7.5 Axes
 - Level 3.6 Armour
 - Level 3.6 Shields


You had 4 spell levels left.
You didn't know any spells.

Dungeon Overview and Level Annotations

Branches:
    Zot (1/1)

Altars:


Innate Abilities, Weirdness & Mutations

You reflexively headbutt those who attack you in melee.
You have a pair of horns on your head.


Message History

You see here 2 stones.
You completely miss the hobgoblin.
Your flesh rots away as the Orb of Zot is desecrated. x3
Your flesh rots away as the Orb of Zot is desecrated. x2
You closely miss the hobgoblin.
Your flesh rots away as the Orb of Zot is desecrated. x4
The giant cockroach bites you.
Your flesh rots away as the Orb of Zot is desecrated.
A rat comes into view.
You barely miss the hobgoblin.
Your flesh rots away as the Orb of Zot is desecrated. x3
You headbutt the hobgoblin, but do no damage.
Your flesh rots away as the Orb of Zot is desecrated.
You hit the giant cockroach.
The giant cockroach is moderately wounded.
Your flesh rots away as the Orb of Zot is desecrated.
The giant cockroach bites you but does no damage.
Your flesh rots away as the Orb of Zot is desecrated.
Ouch! That really hurt!
You die...

########## ######## .....####
####... ........### ###......
......g.r.## ##........
...........# ▓▓▓▓▓▓▓▓▓ #.........
...........▓▓▓.......▓▓▓.........
.........))▓▓P........▓▓.........
...........▓%.%........▓.........
..........)r))gs@g...............
...........▓)..........▓.........
...........▓▓P........▓▓.........
...........▓▓▓.......▓▓▓.........
...........▓ ▓▓▓▓▓▓▓▓▓ ▓.........
..........▓▓ ▓▓........
........▓▓▓ ▓▓▓...... .....▓▓▓▓
▓▓▓▓... ▓▓▓▓▓▓▓▓▓ ▓▓▓▓▓▓▓


You could see a giant cockroach, 2 hobgoblins, a rat and 2 friendly oklob
saplings.

Vanquished Creatures
  A hound (Zot)
  Ijyb (Zot)
  2 worms (Zot)
  4 oozes (Zot)
  5 ball pythons (Zot)
  A giant cockroach (Zot)
  A goblin (Zot)
  A jackal (Zot)
  A kobold (Zot)
  2 giant newts (Zot)
  3 rats (Zot)
22 creatures vanquished.

Vanquished Creatures (collateral kills)
  A gnoll (Zot)
  2 worms (Zot)
  An orc (Zot)
  2 giant cockroaches (Zot)
  4 goblins (Zot)
  A hobgoblin (Zot)
  3 jackals (Zot)
  6 kobolds (Zot)
  A ball python (Zot)
  2 bats (Zot)
  4 rats (Zot)
27 creatures vanquished.

Grand Total: 49 creatures vanquished

Notes
Turn   | Place    | Note
--------------------------------------------------------------
     0 | Zot      | vatarom, the Minotaur Fighter, began the quest for the Orb.
     0 | Zot      | Reached XP level 1. HP: 19/19 MP: 1/1
   220 | Zot      | Reached XP level 2. HP: 26/26 MP: 1/1
   223 | Zot      | Noticed Hionagor
   235 | Zot      | Killed Hionagor the hound
   235 | Zot      | Reached skill level 5 in Axes
   235 | Zot      | Reached XP level 3. HP: 17/31 MP: 2/2
   235 | Zot      | Reached XP level 4. HP: 21/39 MP: 2/2
   263 | Zot      | Reached skill level 6 in Axes
   327 | Zot      | Reached XP level 5. HP: 20/43 MP: 2/2
   539 | Zot      | Noticed Ijyb
   544 | Zot      | Killed Ijyb
   544 | Zot      | Reached skill level 7 in Axes
   635 | Zot      | Rotted away (a hobgoblin)

Action                   |  1- 3 |  4- 6 || total
-------------------------+-------+-------++-------
Melee: War axe           |    19 |    46 ||    65
 Abil: Make oklob saplin |       |     2 ||     2
